Map: Frozen Temple

Players

SHODAN - Winner!

  • Race: Terran Terran
  • League: Master

Urigan

  • Race: Protoss Protoss
  • League: Diamond

VOD

Have the link to the VOD?

Description

Time

  • Played on: Sept. 17, 2016, 7:07 p.m.
  • Length: 16:57
Show
View Real Time Build Order
Export as new Build Order

SHODAN Terran - Winner!

Build Orders: Cyclone Opening 

Get SALT Encoding   

  12  0:00  SCV  
  13  0:12  SCV  
  14  0:19  Supply Depot  
  14  0:25  SCV  
  15  0:36  Refinery  
  15  0:40  SCV  
  16  0:49  Barracks  
  16  0:53  SCV  
  17  0:59  Refinery  
  17  1:05  SCV  
  18  1:17  SCV  
  19  1:29  SCV  
  20  1:37  Reaper  
  21  1:41  Orbital Command  
  21  1:44  Factory  
  21  2:00  Supply Depot  
  21  2:03  Factory  
  21  2:08  SCV  
  22  2:20  SCV  
  23  2:28  Cyclone  
  26  2:36  SCV  
  27  2:48  Cyclone  
  27  2:50  Supply Depot  
  30  2:55  SCV  
  31  3:11  Supply Depot  
  31  3:12  Cyclone  
  34  3:20  Supply Depot, Cyclone  
  37  3:44  Cyclone  
  37  4:04  Cyclone  
  40  4:17  Command Center, SCV  
  40  4:20  Engineering Bay  
  41  4:41  Factory Reactor, Factory Tech Lab  
  41  4:45  SCV  
  42  4:50  Missile Turret  
  42  5:00  SCV  
  42  5:05  Armory  
  43  5:10  Siege Tank  
  43  5:12  SCV  
  47  5:16  Missile Turret  
  47  5:18  Widow Mine x2  
  51  5:28  Orbital Command  
  51  5:32  SCV  
  52  5:42  Refinery  
  52  5:46  Missile Turret  
  52  5:53  SCV  
  52  5:54  Terran Vehicle Weapons Level 1  
  53  6:10  Siege Tank  
  53  6:11  SCV  
  57  6:13  Supply Depot, Widow Mine x2  
  57  6:15  SCV  
  62  6:23  SCV  
  63  6:33  SCV  
  63  6:35  SCV  
  65  6:44  Command Center  
  65  6:45  SCV  
  65  6:46  Refinery  
  66  6:47  SCV  
  67  6:57  SCV  
  67  6:59  SCV  
  67  7:09  SCV  
  67  7:12  SCV  
  69  7:17  Siege Tank, Cyclone  
  69  7:18  Cyclone  
  69  7:19  Missile Turret  
  78  7:27  Supply Depot  
  78  7:28  Supply Depot  
  78  7:31  SCV x2  
  80  7:43  Missile Turret, SCV  
  81  7:48  Missile Turret  
  81  7:49  Hi-Sec Auto Tracking  
  81  7:51  Missile Turret  
  80  8:02  SCV x2  
  82  8:11  Supply Depot  
  82  8:14  SCV, Cyclone x2  
  89  8:21  SCV  
  89  8:25  Barracks  
  90  8:29  Terran Vehicle Weapons Level 2  
  90  8:32  SCV  
  91  8:37  Supply Depot  
  90  8:49  Missile Turret  
  90  8:50  Missile Turret  
  90  8:59  SCV x2  
  90  9:01  SCV  
  93  9:03  Refinery  
  93  9:07  Supply Depot  
  90  9:20  Hellion x2, Siege Tank  
  97  9:26  Factory, Barracks Reactor  
  97  9:27  Factory  
  97  9:35  Orbital Command, Missile Turret  
  97  9:42  SCV x2  
  96  9:54  SCV x2  
  98  10:06  SCV  
  98  10:07  SCV  
  100  10:08  Infernal Pre-Igniter  
  100  10:09  Hellion x2, Siege Tank  
  100  10:12  Factory Tech Lab  
  100  10:13  SCV  
  108  10:18  SCV, Refinery  
  108  10:19  SCV  
  110  10:22  Supply Depot x2  
  110  10:25  SCV  
  110  10:28  Hellion x2  
  115  10:40  Cyclone  
  115  10:41  Cyclone  
  121  10:45  Missile Turret  
  121  10:48  Missile Turret  
  121  10:55  Missile Turret  
  121  10:56  Missile Turret  
  121  10:57  Terran Vehicle Weapons Level 3, SCV  
  121  10:58  Missile Turret  
  121  11:00  SCV  
  121  11:03  Armory  
  123  11:05  Cyclone x2  
  129  11:12  SCV  
  129  11:15  Widow Mine x2, Cyclone x2  
  129  11:17  Missile Turret  
  140  11:30  Missile Turret  
  137  11:36  Widow Mine  
  139  11:46  Siege Tank x2  
  145  11:47  Cyclone x2  
  151  11:59  Hellion  
  153  12:03  SCV  
  132  12:23  Cyclone x3  
  132  12:24  Cyclone x3  
  132  12:25  Command Center  
  132  12:27  Missile Turret  
  148  12:31  Missile Turret  
  148  12:45  SCV  
  148  12:48  Missile Turret  
  148  12:49  Missile Turret x2  
  149  12:55  Cyclone  
  149  12:56  Cyclone  
  155  13:00  Missile Turret  
  155  13:01  Sensor Tower  
  154  13:05  Cyclone  
  136  13:20  Cyclone  
  136  13:21  Cyclone x2  
  136  13:27  Starport, Factory x2, Cyclone  
  139  13:28  Cyclone  
  139  13:31  Starport  
  145  13:35  Missile Turret  
  145  13:37  Missile Turret  
  145  13:49  Refinery  
  136  14:10  Cyclone  
  136  14:11  Cyclone x4  
  136  14:14  Factory Reactor  
  136  14:15  Factory Tech Lab  
  136  14:16  Starport Reactor x2  
  148  14:19  Missile Turret  
  148  14:20  Missile Turret x2  
  142  14:27  Planetary Fortress  
  142  14:31  Missile Turret  
  142  14:32  SCV x2, Refinery  
  143  14:45  Terran Ship Weapons Level 1, Terran Vehicle And Ship Armor Level 1  
  134  14:57  Cyclone  
  134  14:58  Cyclone x3  
  139  15:18  Cyclone x3  
  145  15:28  Command Center, Missile Turret  
  145  15:48  Cyclone  
  136  16:01  Refinery  
  136  16:02  Missile Turret, Refinery  
  136  16:14  Cyclone x6  
Show
View Real Time Build Order
Export as new Build Order

Urigan Protoss 

Build Orders:  

Get SALT Encoding   

  12  0:01  Probe (Chrono Boost)  
  13  0:11  Probe (Chrono Boost)  
  14  0:18  Pylon  
  14  0:22  Probe (Chrono Boost)  
  15  0:36  Probe (Chrono Boost)  
  15  0:37  Gateway  
  16  0:46  Probe (Chrono Boost)  
  16  0:48  Assimilator  
  18  0:57  Probe (Chrono Boost)  
  18  1:07  Probe (Chrono Boost)  
  19  1:18  Probe (Chrono Boost)  
  20  1:26  Cybernetics Core  
  20  1:28  Assimilator  
  20  1:29  Probe (Chrono Boost)  
  20  1:31  Pylon  
  21  1:35  Zealot  
  23  1:52  Probe (Chrono Boost)  
  24  2:04  Probe (Chrono Boost)  
  24  2:05  Stargate  
  25  2:11  Warp Gate  
  25  2:22  Probe (Chrono Boost), Pylon  
  26  2:43  Zealot  
  28  2:45  Void Ray  
  32  3:05  Gateway  
  32  3:06  Gateway  
  32  3:10  Gateway  
  31  3:20  Zealot  
  31  3:26  Pylon  
  33  3:42  Void Ray  
  37  3:50  Zealot  
  35  4:26  Void Ray  
  38  4:39  Zealot x2  
  43  4:46  Pylon  
  43  4:48  Zealot  
  43  4:49  Mothership Core (Chrono Boost)  
  46  5:11  Nexus  
  46  5:18  Pylon  
  47  5:23  Probe (Chrono Boost)  
  47  5:26  Oracle  
  47  5:35  Probe (Chrono Boost)  
  51  5:42  Twilight Council  
  51  5:46  Probe (Chrono Boost)  
  53  5:57  Probe (Chrono Boost)  
  53  6:06  Charge  
  53  6:07  Probe (Chrono Boost)  
  53  6:11  Void Ray  
  59  6:19  Probe (Chrono Boost)  
  59  6:31  Zealot x2  
  63  6:39  Zealot  
  63  6:47  Pylon  
  63  7:00  Gateway  
  63  7:10  Void Ray  
  63  7:14  Gateway  
  67  7:21  Probe (Chrono Boost)  
  67  7:22  Probe (Chrono Boost)  
  69  7:34  Probe (Chrono Boost)  
  70  7:40  Zealot  
  70  7:41  Zealot x2  
  76  7:50  Pylon  
  76  7:58  Void Ray  
  76  8:04  Probe (Chrono Boost)  
  76  8:05  Probe (Chrono Boost)  
  78  8:17  Probe (Chrono Boost)  
  79  8:21  Fleet Beacon  
  79  8:22  Probe (Chrono Boost)  
  80  8:27  Assimilator  
  80  8:29  Probe (Chrono Boost)  
  81  8:42  Probe (Chrono Boost)  
  81  8:43  Probe (Chrono Boost)  
  81  8:44  Assimilator  
  81  8:46  Stargate  
  83  8:49  Protoss Air Weapons Level 1  
  83  8:55  Probe (Chrono Boost)  
  85  8:56  Probe (Chrono Boost)  
  85  9:14  Pylon  
  85  9:15  Pylon  
  85  9:28  Nexus  
  85  9:31  Tempest  
  85  9:32  Pylon  
  85  9:34  Pylon  
  91  9:49  Tempest  
  97  10:00  Pylon  
  97  10:03  Probe x2 (Chrono Boost)  
  101  10:15  Probe (Chrono Boost)  
  101  10:16  Probe (Chrono Boost)  
  100  10:28  Probe (Chrono Boost)  
  101  10:30  Tempest x2  
  115  10:43  Probe (Chrono Boost)  
  115  10:44  Probe x2 (Chrono Boost)  
  116  10:53  Probe (Chrono Boost)  
  116  10:56  Probe x2 (Chrono Boost), Pylon  
  119  11:08  Gateway, Oracle, Robotics Facility  
  122  11:44  Tempest, Assimilator  
  122  11:45  Tempest  
  122  11:46  Assimilator  
  131  12:14  Zealot x3  
  131  12:15  Zealot x2  
  131  12:26  Probe (Chrono Boost)  
  131  12:28  Probe x2 (Chrono Boost)  
  134  12:31  Observer  
  135  12:40  Probe x2 (Chrono Boost)  
  136  12:49  Pylon  
  136  12:50  Pylon  
  136  12:52  Pylon  
  136  13:04  Pylon  
  136  13:06  Observer  
  117  13:15  Zealot x2  
  117  13:16  Zealot x3  
  119  13:20  Tempest x2  
  131  13:35  Gateway, Stargate  
  131  13:36  Gateway  
  131  13:37  Gateway  
  131  13:38  Stargate  
  131  13:42  Zealot  
  131  13:43  Zealot x2  
  131  13:47  Nexus  
  132  13:49  Pylon  
  132  13:51  Pylon  
  118  13:59  Zealot x2  
  101  14:22  Nexus  
  100  14:46  Pylon  
  100  14:59  Tempest  
  86  15:00  Tempest  
  86  15:05  Tempest  
  87  15:27  Zealot x5  
  87  16:07  Nexus  
  87  16:27  Zealot x4  
  87  16:28  Zealot  
Tags
 
Add a new tag
Caveats
  • Supply blocks, unpowered buildings, or Contaminate may cause inaccurate times.
  • Supply counts are checked every 10 seconds.